 Dungeon Crawl Stone Soup version 0.30-a0-779-g7971cf19c3 (webtiles) character file.

Game seed: 210465111266477046

15754 barkas the Grappler (level 12, -7/115 HPs)
             Began as an Armataur Cinder Acolyte on Feb 18, 2023.
             Was an Initiate of Ignis.
             Mangled by an eight-headed hydra (9 damage)
             ... on level 2 of the Lair of Beasts.
             The game lasted 00:16:27 (16149 turns).

barkas the Grappler (Armataur Cinder Acolyte)      Turns: 16149, Time: 00:16:27

Health: -7/115     AC:  9    Str: 23    XL:     12   Next: 4%
Magic:  21/22      EV:  8    Int: 16    God:    Ignis [......]
Gold:   294        SH:  5    Dex:  6    Spells: 11/13 levels left

rFire   + . .      SeeInvis .      - Unarmed
rCold   . . .      Faith    .    (no shield)
rNeg    + + .      Spirit   .    p - +0 swamp dragon scales
rPois   +          Reflect  +    s - +0 helmet "Zuimp" {Contam rN++}
rElec   .          Harm     .    C - +1 cloak
rCorr   .          Roll     +    (no gloves)
Will    .....                    (no barding) Stlth
                                 v - amulet of reflection
HPRegen 0.39/turn                f - ring of magical power
MPRegen 0.18/turn                I - +4 ring of slaying

@: no status effects
A: large, rugged brown scales 3, deformed body, armoured tail, roll, long
tongue, awkward tongue
a: Renounce Religion, Rising Flame


You were on level 2 of the Lair of Beasts.
You worshipped Ignis.
Ignis was noncommittal.
You visited 3 branches of the dungeon, and saw 13 of its levels.

You collected 746 gold pieces.
You spent 452 gold pieces at shops.

Inventory:

Missiles
 h - 2 throwing nets
 o - 16 poisoned darts (quivered)
Armour
 i - +0 ice dragon scales
 p - +0 swamp dragon scales (worn)
 r - a +2 animal skin
 s - the +0 helmet "Zuimp" (worn) {Contam rN++}
   (You took it off Robin on level 3 of the Dungeon)

   rN:        It greatly protects you from negative energy.
   Contam:    It causes magical contamination when unequipped.
 y - a +2 scale mail of cold resistance
 C - a +1 cloak (worn)
Jewellery
 f - a ring of magical power (left hand)
 j - a +6 ring of dexterity
 v - an amulet of reflection (around neck)
 A - the ring "Xinlot" {Fire Dex+7}
   (You found it on level 6 of the Dungeon)

   [ring of fire]

   It enhances your fire magic.
   Dex:       It affects your dexterity (+7).
   rF:        It protects you from fire.
   rC:        It makes you vulnerable to cold.
 I - a +4 ring of slaying (right hand)
Wands
 c - a wand of charming (4)
Scrolls
 a - a scroll of identify
 d - 9 scrolls of teleportation
 k - 4 scrolls of fog
 l - 4 scrolls of fear
 q - a scroll of vulnerability
 u - 2 scrolls of summoning
 x - 2 scrolls of immolation
 B - 3 scrolls of blinking
 E - a scroll of silence
Potions
 b - 2 potions of flight
 e - 4 potions of mutation
 g - 7 potions of curing
 m - 4 potions of invisibility
 n - 2 potions of haste
 t - 5 potions of resistance
 w - a potion of lignification
 z - 3 potions of attraction
 D - a potion of ambrosia
 H - 2 potions of might
 J - a potion of magic {unknown}


   Skills:
 + Level 10.9 Fighting
 * Level 14.9 Unarmed Combat
 - Level 1.0 Spellcasting
 - Level 2.6 Fire Magic


You had 11 spell levels left.
You knew the following spells:

 Your Spells              Type           Power      Damage    Failure   Level
a - Scorch                Fire           18%        2d5       19%         2

Your spell library contained the following spells:

 Spells                   Type           Power      Damage    Failure   Level
 Apportation              Tloc           0%         N/A       36%         1
 Beastly Appendage        Tmut           0%         N/A       36%         1
 Freeze                   Ice            0%         1d3       36%         1
 Necrotise                Necr           0%         1d4       36%         1
 Shock                    Conj/Air       0%         1d3       36%         1
 Slow                     Hex            0%         N/A       36%         1
 Summon Small Mammal      Summ           0%         N/A       36%         1
 Blink                    Tloc           0%         N/A       50%         2
 Wereblood                Tmut           0%         N/A       50%         2
 Confusing Touch          Hex            0%         N/A       73%         3
 Frozen Ramparts          Ice            0%         1d1       73%         3
 Hailstorm                Conj/Ice       0%         3d3       73%         3
 Portal Projectile        Hex/Tloc       0%         N/A       73%         3
 Spider Form              Tmut/Pois      0%         N/A       73%         3
 Summon Guardian Golem    Hex/Summ       0%         N/A       73%         3
 Swiftness                Air            0%         N/A       73%         3
 Tukima's Dance           Hex            0%         N/A       73%         3
 Vampiric Draining        Necr           0%         2d6       73%         3
 Airstrike                Air            0%         2d(0-16)  98%         4
 Animate Armour           Summ/Erth      0%         N/A       98%         4
 Ice Form                 Ice/Tmut       0%         N/A       98%         4
 Leda's Liquefaction      Hex/Erth       0%         N/A       98%         4
 Manifold Assault         Tloc           0%         N/A       98%         4
 Alistair's Intoxication  Tmut/Pois      0%         N/A       100%        5
 Blade Hands              Tmut           0%         N/A       100%        5
 Borgnjor's Vile Clutch   Necr/Erth      0%         N/A       100%        5
 Iron Shot                Conj/Erth      0%         9d1       100%        6
 Simulacrum               Ice/Necr       0%         N/A       100%        6
 Orb of Destruction       Conj           0%         9d5       100%        7
 Spellforged Servitor     Conj/Summ      0%         N/A       100%        7
 Storm Form               Tmut/Air       0%         N/A       100%        7


Dungeon Overview and Level Annotations

Branches:
Dungeon (10/15)            Temple (1/1) D:6            Lair (2/5) D:10
    Orc (0/2) D:9
  Swamp: Lair:2-3    Shoals: Lair:2-3     Snake: Lair:2-3    Spider: Lair:2-3

Altars:
Ashenzari
Cheibriados
Dithmenos
Elyvilon
Fedhas
Gozag
Hepliaklqana
Kikubaaqudgha
Makhleb
Nemelex Xobeh
Okawaru
Qazlal
Ru
Sif Muna
Trog
Uskayaw
Vehumet
Wu Jian
Xom
Yredelemnul
Zin
The Shining One

Shops:
D:6 *   D:8 *:!

Annotations:
D:6 1 runed translucent door, Crazy Yiuf


Innate Abilities, Weirdness & Mutations

You are completely covered in rugged brown scales. (AC +3, +7% HP)
Armour fits poorly on your strangely shaped body.
You have a long armoured tail.
You roll when moving toward enemies. (Rampage)
Your long tongue fully drains potion bottles. (2x potion effects)
Your tongue gives you trouble enunciating. (1.5x scroll delay)


Message History

The six-headed hydra bites you. The six-headed hydra bites you!
The six-headed hydra barely misses you. x2
You block the six-headed hydra's attack.
The six-headed hydra bites you!
You punch the six-headed hydra!
You kill the six-headed hydra!
An eight-headed hydra comes into view.
You have reached level 12!
You feel clever.
You enter the shallow water.
The eight-headed hydra enters a dispersal trap!
You blink.
The eight-headed hydra blinks!
Really roll into that dispersal trap?
You roll towards the eight-headed hydra!
You enter a dispersal trap!
The eight-headed hydra blinks! x2; You blink.
The eight-headed hydra bites you but does no damage.
The eight-headed hydra bites you! x2
The eight-headed hydra bites you but does no damage.
The eight-headed hydra bites you!
* * * LOW HITPOINT WARNING * * *
The eight-headed hydra bites you.
* * * LOW HITPOINT WARNING * * *
The eight-headed hydra bites you but does no damage.
The eight-headed hydra bites you.
* * * LOW HITPOINT WARNING * * *
Really walk into that dispersal trap?
The eight-headed hydra attacks as you move away!
The eight-headed hydra bites you.
* * * LOW HITPOINT WARNING * * *
The eight-headed hydra bites you but does no damage.
The eight-headed hydra bites you.
* * * LOW HITPOINT WARNING * * *
The eight-headed hydra bites you.
* * * LOW HITPOINT WARNING * * *
The eight-headed hydra closely misses you.
You block the eight-headed hydra's attack.
The eight-headed hydra bites you!
* * * LOW HITPOINT WARNING * * *
The eight-headed hydra bites you!
You die...

♣♣ ♣♣♣♣♣ #####.#.# #.#.###
..♣♣♣♣♣≈≈≈♣♣##.##.#..####.#.#.##
§.§§§♣≈~≈≈♣....................#
≈♣§§§♣≈~≈~♣#...................#
♣♣♣§♣~~~~♣....................##
♣.†≈~~~♣.#...........#.#.#...#
♣...~≈~♣.+...............#..##
♣♣..~~........^..........#...#
♣♣.♣~......D@..#...........##
♣♣♣♣♣.♣........#.<>.....#..P# ♣.♣
♣♣♣#.####..P...........## ♣♣♣.#♣
### #............#..## ♣#....##
##..#............# #....#.#
#..#........#...# ##...###
#...........#..## #....# #####
#..#.#.#+#..#..##
##....####P.#P###...............#


You could see an eight-headed hydra.

Vanquished Creatures
  2 hydras (Lair:2)
  2 boulder beetles
  A black mamba (Lair:1)
  5 cane toads
  Joseph (D:9)
  Maggie (Lair:1)
  2 komodo dragons
  A rime drake (Lair:2)
  A polar bear (Lair:2)
  2 hornets
  6 blink frogs
  A tyrant leech (Lair:2)
  8 yaks (Lair:1)
  4 wyverns
  2 basilisks (Lair:1)
  Menkaure (D:5)
  A warg (D:9)
  2 acid dragons
  Edmund (D:5)
  4 swamp worms (Lair:2)
  4 water moccasins (Lair:2)
  A black bear (D:6)
  8 orc warriors
  A sky beast (D:7)
  An ogre (D:6)
  3 wolves (Lair:1)
  2 centaurs
  A kobold brigand (D:10)
  6 bullfrogs
  2 necrophages (D:6)
  2 scorpions
  7 wights
  19 killer bees
  10 howler monkeys
  A jelly (D:5)
  11 orc priests
  4 hounds
  2 iguanas
  12 orc wizards
  6 hell rats (Lair:1)
  Robin (D:3)
  6 gnolls
  8 adders
  A shadow imp (D:6)
  A white imp (D:7)
  2 ufetubi (D:4)
  2 worms (D:3)
  3 dart slugs
  42 orcs
  9 endoplasms
  4 giant cockroaches
  18 goblins
  7 hobgoblins
  7 jackals (D:1)
  4 quokkas
  7 ball pythons
  4 bats
  5 frilled lizards
  17 kobolds
  5 rats
304 creatures vanquished.

Vanquished Creatures (others)
  4 fungi
  8 plants
12 creatures vanquished.

Grand Total: 316 creatures vanquished

Notes
Turn   | Place    | Note
-------+----------+-------------------------------------------
     0 | D:1      | barkas the Armataur Cinder Acolyte began the quest for the
                  | Orb.
     0 | D:1      | Reached XP level 1. HP: 19/19 MP: 2/2
   174 | D:1      | Reached skill level 3 in Unarmed Combat
   176 | D:1      | Reached XP level 2. HP: 26/26 MP: 3/3
   616 | D:1      | Reached XP level 3. HP: 32/33 MP: 4/4
  1283 | D:2      | Learned a level 2 spell: Scorch
  1366 | D:2      | Reached skill level 4 in Unarmed Combat
  1366 | D:2      | Reached XP level 4. HP: 36/40 MP: 5/5
  2337 | D:3      | Reached XP level 5. HP: 40/49 MP: 6/6
  2524 | D:3      | Found a hazy altar of Hepliaklqana.
  2827 | D:3      | Identified the +0 helmet "Zuimp" {Contam rN++}
  2827 | D:3      | Noticed Robin
  2843 | D:3      | Killed Robin
  3349 | D:4      | Reached skill level 5 in Unarmed Combat
  3697 | D:4      | Reached XP level 6. HP: 47/55 MP: 7/7
  4107 | D:5      | Entered Level 5 of the Dungeon
  4107 | D:5      | Noticed Menkaure
  4112 | D:5      | Killed Menkaure
  4251 | D:5      | Reached skill level 6 in Unarmed Combat
  4317 | D:5      | Noticed Edmund
  4333 | D:5      | Killed Edmund
  4334 | D:5      | Reached XP level 7. HP: 31/64 MP: 0/8
  4733 | D:5      | Found a sparkling altar of Nemelex Xobeh.
  4733 | D:5      | Found a snail-covered altar of Cheibriados.
  4733 | D:5      | Found an iron altar of Okawaru.
  4733 | D:5      | Found a shadowy altar of Dithmenos.
  4825 | D:5      | Found a shimmering altar of Xom.
  4825 | D:5      | Found a glowing golden altar of the Shining One.
  4991 | D:6      | Reached skill level 5 in Fighting
  5051 | D:6      | Reached skill level 7 in Unarmed Combat
  5194 | D:6      | Found Nutoess's General Store.
  5211 | D:6      | Bought a potion of curing for 33 gold pieces
  5463 | D:6      | Found a runed translucent door.
  5464 | D:6      | Noticed Crazy Yiuf
  5605 | D:6      | Reached XP level 8. HP: 73/73 MP: 0/9
  5607 | D:6      | Identified the ring "Xinlot" {Fire Dex+7}
  5785 | D:6      | Found a staircase to the Ecumenical Temple.
  5929 | Temple   | Entered the Ecumenical Temple
  6451 | D:7      | Reached skill level 8 in Unarmed Combat
  7410 | D:7      | Got the Incunabulum of the Ground
  7486 | D:7      | Reached skill level 9 in Unarmed Combat
  7899 | D:8      | Reached XP level 9. HP: 83/83 MP: 5/10
  8081 | D:8      | Found Latrotuoza's Distillery.
  8089 | D:8      | Bought a potion of haste for 130 gold pieces
  8089 | D:8      | Bought a potion of heal wounds for 65 gold pieces
  8089 | D:8      | Bought a potion of invisibility for 104 gold pieces
  8089 | D:8      | Bought a potion of curing for 39 gold pieces
  8278 | D:8      | Found Dickuw's Book Boutique.
  8648 | D:8      | Found Sydwuvya's Assorted Antiques.
  8656 | D:8      | Bought a green potion for 26 gold pieces
  8656 | D:8      | Bought a bubbling silvery potion for 26 gold pieces
  8666 | D:8      | Reached skill level 10 in Unarmed Combat
  8943 | D:9      | Noticed Joseph
  9225 | D:9      | Killed Joseph
  9383 | D:8      | Bought a scroll labelled LYTUPE TUCO for 29 gold pieces
  9644 | D:9      | Found a staircase to the Orcish Mines.
  9720 | D:9      | Reached skill level 11 in Unarmed Combat
  9999 | D:9      | Reached XP level 10. HP: 42/94 MP: 11/11
 10941 | D:10     | Entered Level 10 of the Dungeon
 11317 | D:10     | Noticed an ettin
 11523 | D:10     | Noticed a cyan ugly thing
 11524 | D:10     | Noticed an orc knight
 11525 | D:10     | Noticed a death knight
 11530 | D:10     | Noticed a death knight
 11531 | D:10     | Noticed a boulder beetle
 11896 | D:9      | Reached skill level 12 in Unarmed Combat
 12462 | D:10     | Found a staircase to the Lair.
 12467 | Lair:1   | Entered Level 1 of the Lair of Beasts
 12489 | Lair:1   | Noticed a cane toad
 12514 | Lair:1   | Killed a cane toad
 12833 | Lair:1   | Noticed a boulder beetle
 13021 | Lair:1   | Killed a boulder beetle
 13109 | Lair:1   | Reached skill level 13 in Unarmed Combat
 13109 | Lair:1   | Reached XP level 11. HP: 101/103 MP: 12/12
 13954 | Lair:1   | Noticed Maggie
 13962 | Lair:1   | Killed Maggie
 14028 | Lair:1   | Reached skill level 10 in Fighting
 14503 | Lair:2   | Noticed a six-headed hydra
 14707 | Lair:2   | Noticed a boulder beetle
 14737 | Lair:2   | Killed a boulder beetle
 14738 | Lair:2   | Reached skill level 14 in Unarmed Combat
 15077 | Lair:2   | Killed a six-headed hydra
 16117 | Lair:2   | Noticed a six-headed hydra
 16127 | Lair:2   | Killed a six-headed hydra
 16127 | Lair:2   | Noticed an eight-headed hydra
 16128 | Lair:2   | Reached XP level 12. HP: 55/115 MP: 13/13
 16149 | Lair:2   | HP: 2/115 [eight-headed hydra (8)]
 16149 | Lair:2   | Mangled by an eight-headed hydra

Illustrated notes

Levels and vault maps discovered:
D:1:      erik_arrival_orb_chamber, layout_basic, serial_co_window_serial,
          co_window_of_opportunity_a, co_window_paths_a, co_window_corner_a,
          co_window_of_opportunity_a, co_window_of_opportunity_a,
          co_window_of_opportunity_a, co_window_of_opportunity_b,
          co_window_corner_b, co_window_corner_ca, co_window_of_opportunity_b,
          co_window_unsneaky_path_a, co_window_2corner, co_window_broadway_b,
          co_window_paths_d, co_window_paths_e, glass_columns_a, glass_columns_b
D:2:      layout_loops_cross, minmay_pentomino_w2
D:3:      layout_loops_corners, mainiacjoe_overflow_alcove_4,
          hangedman_feature_mirror, grunt_ministairs_4, uniq_robin
D:4:      layout_basic, hangedman_decor_push
D:5:      layout_rooms, minmay_overflow_temple_hex, minmay_misc_feat_x,
          uniq_edmund, uniq_menkaure
D:6:      layout_basic, minmay_temple_entry_glass, serial_shops,
          nicolae_shop_trees, uniq_crazy_yiuf_cottage
D:7:      layout_loops_corners, small_statue_intersection
D:8:      layout_basic, serial_shops,
          nicolae_shop_temple_entry_statues_fountains,
          nicolae_shop_overgrown_old_shop, nicolae_diamond_shop
D:9:      layout_loops_corners, david_orc_1_choice, david_defended_altar_orc,
          uniq_joseph
D:10:     layout_basic, lair_entry_dummy, onia_ninara_dug_in_and_dangerous
Temple:   nicolae_temple_bog_church
Lair:1:   layout_roguey, grunt_megastairs_4, uniq_maggie
Lair:2:   layout_chaotic_city, palyth_hydra_swamp_entry

Skill      XL: |  1  2  3  4  5  6  7  8  9 10 11 |
---------------+----------------------------------+-----
Unarmed Combat | 3 4 5 6 7 9 11 13 14 | 14.9
Fighting       | 3 4 5 6 8 9 10 | 10.9
Spellcasting   | |  1.0
Fire Magic     | |  2.6

Action                     |  1- 3 |  4- 6 |  7- 9 | 10-12 || total
---------------------------+-------+-------+-------+-------++-------
  Melee: Unarmed           |   115 |   239 |   261 |   388 ||  1003
         Tailslap          |     5 |    27 |    31 |    44 ||   107
         Punch             |       |     2 |    13 |    24 ||    39
  Throw: Dart              |       |       |       |    10 ||    10
   Cast: Scorch            |       |     6 |    80 |     3 ||    89
 Invoke: Fiery Armour      |     1 |     2 |     6 |     3 ||    12
  Evoke: Wand              |       |       |     1 |     8 ||     9
    Use: Potion            |       |       |     2 |     3 ||     5
         Scroll            |       |       |       |    18 ||    18
   Stab: Invisible         |       |       |       |     1 ||     1
 Armour: Robe              |    38 |    46 |       |       ||    84
         Animal skin       |       |    31 |   100 |    62 ||   193
         Swamp dragon scal |       |       |       |    56 ||    56
  Dodge: Dodged            |    42 |    87 |    97 |   123 ||   349
  Block: Other             |       |    17 |    54 |    72 ||   143
         Reflection        |       |       |     4 |     3 ||     7

Table legend: (Time is in decaauts)
 A = Elapsed time spent in this place.
 B = Non-inter-level travel time spent in this place.
 C = Inter-level travel time spent in this place.
 D = Time resting spent in this place.
 E = Time spent auto-exploring this place.
 F = Levels seen in this place.
 G = Mean time per level.
                   A        B        C        D        E       F      G
               +--------+--------+--------+--------+--------+-----+--------+
         Total |  16019 |  15516 |    503 |   3645 |   9698 |  13 | 1232.2 |
       Dungeon |  12344 |  11908 |    436 |   2298 |   7947 |  10 | 1234.4 |
        Temple |    201 |    184 |     17 |      0 |    174 |   1 |  201.0 |
          Lair |   3473 |   3423 |     50 |   1347 |   1577 |   2 | 1736.5 |
               +--------+--------+--------+--------+--------+-----+--------+

Top non-repeatable levels by time:
     D:9: 2040 daAuts
  Lair:1: 1941 daAuts
  Lair:2: 1531 daAuts
     D:7: 1476 daAuts
     D:8: 1445 daAuts
     D:6: 1272 daAuts
     D:1: 1247 daAuts
    D:10: 1223 daAuts
     D:3: 1212 daAuts
     D:2: 833 daAuts
     D:5: 801 daAuts
     D:4: 790 daAuts
  Temple: 201 daAuts
